 Dungeon Crawl Stone Soup version 0.23-a0-310-gdcc7a32 (webtiles) character file.

98 lemonriz the Poker (level 4, -2/40 HPs)
             Began as a Hill Orc Monk on Oct 13, 2018.
             Was a Believer of Beogh.
             Killed from afar by an orc wizard (8 damage)
             ... with a puff of frost
             ... on level 3 of the Dungeon.
             The game lasted 00:06:04 (2717 turns).

lemonriz the Poker (Hill Orc Monk)                  Turns: 2717, Time: 00:06:05

Health: -2/40      AC:  2    Str: 14    XL:     4   Next: 69%
Magic:  4/4        EV: 13    Int: 10    God:    Beogh [**....]
Gold:   161        SH:  0    Dex: 13    Spells: 3/3 levels left

rFire    . . .     SeeInvis .   a - +0 spear
rCold    . . .     Gourm    .   (no shield)
rNeg     . . .     Faith    .   b - +0 robe
rPois    .         Spirit   .   (no helmet)
rElec    .         Reflect  .   (no cloak)
rCorr    .         Harm     .   (no gloves)
MR       .....                  (no boots)
Stlth    ++........             j - amulet of rage
HPRegen  0.13/turn              (no ring)
MPRegen  0.09/turn              (no ring)

@: no status effects
A: no striking features
a: Smiting, Renounce Religion, Evoke Berserk Rage


You were on level 3 of the Dungeon.
You worshipped Beogh.
Beogh was pleased with you.
You were hungry.

You visited 1 branch of the dungeon, and saw 3 of its levels.

You collected 161 gold pieces.

Inventory:

Hand Weapons
 a - a +0 spear (weapon)
Missiles
 g - 104 stones (quivered)
Armour
 b - a +0 robe (worn)
Jewellery
 j - an amulet of rage (around neck)
Scrolls
 d - a scroll of fear {unknown}
 e - 2 scrolls of enchant weapon {unknown}
 f - a scroll of remove curse {unknown}
 h - a scroll of identify {unknown}
Potions
 i - a potion of resistance {unknown}
Comestibles
 c - 2 rations


   Skills:
 + Level 4.2 Fighting
 * Level 4.4 Polearms
 + Level 1.9 Armour
 + Level 2.9 Dodging
 - Level 1.5 Stealth


You had 3 spell levels left.
You didn't know any spells.
Your spell library contained the following spells:

 Spells                   Type           Power        Failure   Level  Hunger
 Animate Skeleton         Necr           N/A          36%         1    ##.....
 Apportation              Tloc           #.....       36%         1    ##.....
 Confusing Touch          Hex            #.....       36%         1    ##.....
 Magic Dart               Conj           #...         36%         1    ##.....
 Summon Small Mammal      Summ           #...         36%         1    ##.....
 Blink                    Tloc           N/A          50%         2    ###....
 Call Imp                 Summ           #.......     50%         2    ###....
 Slow                     Hex            #.......     50%         2    ###....
 Conjure Flame            Conj/Fire      #.......     75%         3    ####...
 Mephitic Cloud           Conj/Pois/Air  #.......     75%         3    ####...


Dungeon Overview and Level Annotations

Branches:
Dungeon (3/15)

Altars:
Ashenzari
Fedhas
Makhleb
Yredelemnul

Annotations:
D:3 3 runed doors, pidr's ghost, amateur OpVM


Message History

The orc priest completely misses the orc.
You barely miss the orc.
The orc is almost dead.
You are feeling hungry.
The orc wizard closely misses you. The orc hits you with a club.
The orc priest barely misses the orc.
You hit the orc.
You kill the orc!
Beogh accepts your kill. The orc wizard hits you with a dagger.
* * * LOW HITPOINT WARNING * * *
The orc wizard hits you with a dagger.
* * * LOW HITPOINT WARNING * * *
Things that are here:
a club; a leather armour You hit the orc wizard.
The orc wizard is moderately wounded.
The orc wizard points at you and mumbles some strange words.
The puff of frost hits you!
You die...

......#
.#.#.8<####.#.####
####..# #_#)####.#.#
#..####### ####....#.#.#
#..#.##.##.#.#####.#.#.#
## #..#.##.# .#.#
#.#.#.# .###..#.##.# ..#
#.#.... #.....#.##.# #.#
#.###.. #.....#.##.#
#o#####.# #..###...#.#
#.@.o.o.# .#†.)......#
######### ######...###
#...## #.### #.# #.# #.#
#)#


You could see an orc wizard, a neutral orc priest (wandering) and a neutral orc
wizard (wandering).

Vanquished Creatures
  3 adders (D:2)
  An ooze (D:3)
  2 worms (D:2)
  A dart slug (D:3)
  2 orcs (D:3)
  A giant cockroach (D:3)
  4 hobgoblins
  4 jackals
  14 kobolds
  2 ball pythons
  3 bats
  A frilled lizard (D:3)
  13 goblins
  4 rats
55 creatures vanquished.

Vanquished Creatures (others)
  3 fungi (D:2)
3 creatures vanquished.

Grand Total: 58 creatures vanquished

Notes
Turn   | Place    | Note
-------+----------+-------------------------------------------
     0 | D:1      | lemonriz the Hill Orc Monk began the quest for the Orb.
     0 | D:1      | Reached XP level 1. HP: 19/19 MP: 1/1
   228 | D:1      | Reached XP level 2. HP: 19/27 MP: 2/2
  1023 | D:1      | Reached skill level 1 in Armour
  1186 | D:2      | Reached XP level 3. HP: 32/33 MP: 3/3
  1267 | D:2      | Found a basalt altar of Yredelemnul.
  1346 | D:2      | Found a shattered altar of Ashenzari.
  1350 | D:2      | Saw a vision of the Swamp and the Spider Nest.
  1350 | D:2      | Noticed a bullfrog
  1350 | D:2      | Noticed an alligator
  1350 | D:2      | Noticed a hornet
  1350 | D:2      | Noticed a water moccasin
  1350 | D:2      | Noticed an alligator
  1350 | D:2      | Noticed a redback
  1350 | D:2      | Noticed a wolf spider
  1350 | D:2      | Noticed a redback
  1351 | D:2      | Noticed a redback
  1354 | D:2      | Noticed a wolf spider
  1672 | D:2      | Reached XP level 4. HP: 14/40 MP: 4/4
  2589 | D:3      | Found a runed gate.
  2590 | D:3      | Found a runed gate.
  2591 | D:3      | Found a runed gate.
  2592 | D:3      | Noticed pidr's ghost (amateur OpVM)
  2671 | D:3      | Found a blossoming altar of Fedhas.
  2675 | D:3      | Found a burning altar of Makhleb.
  2702 | D:3      | Became a worshipper of Beogh the Brigand
  2702 | D:3      | Reached * piety under Beogh
  2702 | D:3      | Reached ** piety under Beogh
  2717 | D:3      | Killed from afar by an orc wizard

Vault maps used:
D:1:      ncdulo_halloftheorcs, st_stairs_8
D:2:      minmay_kobold_bridge, lemuel_round_altar, grunt_ashenzari_visionary
D:3:      minitemple, chequers_temple_overflow_minitemple,
          gammafunk_ghost_split, amethyst_killhole, uniq_crazy_yiuf_cottage,
          uniq_jessica

Skill      XL: |  1  2  3 |
---------------+----------+-----
Armour         | 1 |  1.9
Fighting       | 4 |  4.2
Polearms       | 4 |  4.4
Dodging        | |  2.9
Stealth        | |  1.5

Action                   |  1- 3 |  4- 6 || total
-------------------------+-------+-------++-------
Melee: Spear             |   138 |    98 ||   236
Throw: Stone             |    42 |     5 ||    47
Invok: Convert to Beogh  |       |     1 ||     1
  Eat: Chunk             |     2 |       ||     2
       Ration            |       |     1 ||     1
Armor: Robe              |     9 |    19 ||    28
Dodge: Dodged            |    69 |    55 ||   124

Table legend:
 A = Non-vault XP
 B = Vault XP
 C = Vault XP percentage of total XP
 D = Non-vault monster count
 E = Vault monster count
 F = Vault count percentage of total count
                 A         B        C        D         E       F
            +---------+---------+-------+---------+---------+-------
      Total |     132 |       8 |   5.7 |      50 |       5 |   9.1
            +---------+---------+-------+---------+---------+-------
        D:1 |      30 |       1 |   3.2 |      19 |       1 |   5.0
        D:2 |      67 |       7 |   9.5 |      16 |       4 |  20.0
        D:3 |      35 |       0 |   0.0 |      15 |       0 |   0.0
            +---------+---------+-------+---------+---------+-------
